 Dungeon Sprint DCSS version 0.21.1-1-g345015f (webtiles) character file.

6700000 Fang the Axe Maniac (level 27, -79/273 HPs)
             Began as a Minotaur Gladiator on May 3, 2018.
             Was the Champion of Makhleb.
             Annihilated by a destroyer
             ... wielding a +9 great sword of slicing
              (171 damage)
             ... in the Dungeon (Sprint VIII: "Arena of Blood").
             The game lasted 00:00:56 (67 turns).

Fang the Axe Maniac (Minotaur Gladiator)              Turns: 67, Time: 00:00:56

Health: -79/273    AC:  6    Str: 29    XL:     27
Magic:  25/53      EV: 32    Int:  5    God:    Makhleb [******]
Gold:   0          SH:  0    Dex: 15    Spells: 80/80 levels left

rFire    . . .     SeeInvis .   l - +∞ Axe of Woe
rCold    . . .     Gourm    .   (shield currently unavailable)
rNeg     . . .     Faith    .   b - +0 leather armour
rPois    .         Spirit   .   c - +0 hat
rElec    .         Reflect  .   (no cloak)
rCorr    .         Harm     .   (no gloves)
MR       ++...     NoTele   +   (no boots)
Stlth    +++++++++.             (no amulet)
HPRegen  0.55/turn              (no ring)
MPRegen  0.33/turn              (no ring)

@: no status effects
A: retaliatory headbutt, horns 2
a: Minor Destruction, Lesser Servant of Makhleb, Major Destruction, Greater
Servant of Makhleb, Renounce Religion


You were in the Dungeon.
You worshipped Makhleb.
Makhleb was exalted by your worship.
You were not hungry.

You visited 1 branch

Inventory:

Hand Weapons
 a - a +0 war axe
 l - the +∞ Axe of Woe (weapon)
   (You found it in the Dungeon)
Missiles
 d - 3 throwing nets (quivered)
Armour
 b - a +0 leather armour (worn)
 c - a +0 hat (worn)
Scrolls
 k - a scroll of blinking
Potions
 e - a potion of curing
 g - a potion of heal wounds
 h - a potion of haste
 i - 2 potions of magic
 j - a potion of berserk rage
Comestibles
 f - a ration


   Skills:
 O Level 27 Fighting
 O Level 27 Axes
 O Level 27 Throwing
 O Level 27 Armour
 O Level 27 Dodging
 O Level 27 Stealth
 O Level 27 Unarmed Combat
 O Level 27 Spellcasting
 O Level 27 Invocations


You had 80 spell levels left.
You didn't know any spells.

Dungeon Overview and Level Annotations

Branches:
Dungeon (1/1)

Altars:
Makhleb


Innate Abilities, Weirdness & Mutations

You reflexively headbutt those who attack you in melee.
You have a pair of horns on your head.


Message History

The bag of meat convulses!
The meat berserker convulses!
The bag of meat convulses! x3
A bag of meat comes into view. It is wielding a +9 war axe.
The bag of meat shouts!
The bag of meat convulses!
The meat berserker convulses!
The bag of meat convulses!
You hear a shout! x2
The meat berserker appears out of thin air!
A meat berserker comes into view. It is wielding a +9 battleaxe.
You hear a shout!
A bag of meat comes into view.
It is wielding a +9 war axe. 4 orcs come into view.
The bag of meat shouts! x2; You hear a shout! x2
The bag of meat hits you with a +9 war axe!!!
The small abomination completely misses you.
You furiously retaliate!
You headbutt the small abomination!
You hear a shout! x2
The destroyer hits you with a +9 great sword of slicing!!!!!
Ouch! That really hurt!
You die...

..#... #.... ..#
#..%%..###... ..###.
.....%%......###......
.....#%§......_......
...#.......#.....#
#......D.).#_.<._#
...#.....))#.....#...
.....#..z))..)_......
o...O.o@).)§)###......
.o..o.Vx###V.O....###.
..o..Ooo. #.......#
zoo....o..#..V....#
o#...%.....oo......
#o#O#O.......O.....
.#.#...............
o#.#.............


You could see an eight-headed meat hydra, 2 destroyers, 2 sculptors of flesh, a
large bag of meat (inner flame), 4 meat berserkers, a small abomination and 13
bags of meat.

Vanquished Creatures
  14 vampire knights (D)
  21 ogres (D)
  6 two-headed ogres (D)
  A lich (D)
  38 orcs (D)
  3 skeletal warriors (D)
  5 small abominations (D)
  4 large abominations (D)
  3 crawling corpses (D)
95 creatures vanquished.

Vanquished Creatures (others)
  6 crawling corpses (D)
6 creatures vanquished.

Grand Total: 101 creatures vanquished

Notes
Turn   | Place    | Note
-------+----------+-------------------------------------------
     0 | D        | Found the +∞ Axe of Woe
     0 | D        | Fang the Minotaur Gladiator began the quest for the Orb.
     0 | D        | Reached XP level 1. HP: 18/18 MP: 0/0
     3 | D        | Noticed a meat berserker
     4 | D        | Became a worshipper of Makhleb the Destroyer
     5 | D        | Noticed a bag of meat
     7 | D        | Killed a meat berserker
     7 | D        | Reached XP level 2. HP: 45/45 MP: 1/1
     7 | D        | Reached XP level 3. HP: 51/51 MP: 2/2
     7 | D        | Reached XP level 4. HP: 59/59 MP: 3/3
     7 | D        | Reached XP level 5. HP: 66/66 MP: 4/4
     7 | D        | Reached XP level 6. HP: 73/73 MP: 5/5
     7 | D        | Reached XP level 7. HP: 80/80 MP: 6/6
     7 | D        | Reached XP level 8. HP: 88/88 MP: 7/7
     7 | D        | Reached XP level 9. HP: 94/94 MP: 8/8
     7 | D        | Reached XP level 10. HP: 102/102 MP: 9/9
     7 | D        | Reached XP level 11. HP: 108/108 MP: 10/10
     7 | D        | Reached XP level 12. HP: 116/116 MP: 11/11
     7 | D        | Reached XP level 13. HP: 123/123 MP: 12/12
     8 | D        | Noticed a meat berserker
     8 | D        | Noticed a bag of meat
     9 | D        | Killed a bag of meat
     9 | D        | Reached * piety under Makhleb
     9 | D        | Reached skill level 15 in Fighting
    11 | D        | Killed a meat berserker
    11 | D        | Reached skill level 27 in Axes
    11 | D        | Reached XP level 14. HP: 143/143 MP: 13/13
    12 | D        | Noticed a bag of meat
    13 | D        | Noticed a meat berserker
    13 | D        | Noticed a meat berserker
    13 | D        | Noticed a bag of meat
    13 | D        | Killed a bag of meat
    13 | D        | Reached skill level 27 in Dodging
    13 | D        | Reached XP level 15. HP: 157/157 MP: 14/14
    16 | D        | Killed a meat berserker
    16 | D        | Reached ** piety under Makhleb
    18 | D        | Reached skill level 27 in Fighting
    18 | D        | Reached XP level 16. HP: 181/183 MP: 15/15
    19 | D        | Killed a meat berserker
    19 | D        | Reached skill level 27 in Throwing
    20 | D        | Reached *** piety under Makhleb
    20 | D        | Reached XP level 17. HP: 191/191 MP: 15/23
    21 | D        | Noticed a meat berserker
    22 | D        | Noticed a destroyer
    22 | D        | Reached skill level 10 in Unarmed Combat
    24 | D        | Noticed a destroyer
    24 | D        | Killed a destroyer
    24 | D        | Reached skill level 15 in Unarmed Combat
    24 | D        | Reached skill level 10 in Spellcasting
    24 | D        | Reached XP level 18. HP: 200/200 MP: 15/31
    24 | D        | Reached **** piety under Makhleb
    24 | D        | Reached skill level 15 in Invocations
    25 | D        | Noticed a large bag of meat
    26 | D        | Killed a meat berserker
    27 | D        | Noticed a large bag of meat
    28 | D        | Noticed a large bag of meat
    28 | D        | Noticed a meat berserker
    28 | D        | Killed a destroyer
    28 | D        | Reached skill level 15 in Spellcasting
    28 | D        | Reached XP level 19. HP: 207/207 MP: 16/37
    28 | D        | Reached ***** piety under Makhleb
    29 | D        | Noticed a destroyer
    30 | D        | Noticed a meat berserker
    30 | D        | Noticed a meat berserker
    31 | D        | Reached XP level 20. HP: 216/216 MP: 17/39
    32 | D        | Noticed a large bag of meat
    32 | D        | Reached skill level 27 in Armour
    33 | D        | Noticed a meat berserker
    33 | D        | Noticed a meat berserker
    33 | D        | Killed a large bag of meat
    34 | D        | Killed a meat berserker
    34 | D        | Reached skill level 27 in Unarmed Combat
    34 | D        | Reached XP level 21. HP: 224/224 MP: 17/44
    35 | D        | Reached ****** piety under Makhleb
    35 | D        | Reached skill level 27 in Invocations
    36 | D        | Killed a destroyer
    36 | D        | Reached skill level 27 in Stealth
    36 | D        | Reached skill level 27 in Spellcasting
    36 | D        | Reached XP level 22. HP: 233/233 MP: 18/52
    37 | D        | Noticed a destroyer
    38 | D        | Killed a large bag of meat
    38 | D        | Reached XP level 23. HP: 240/240 MP: 18/53
    39 | D        | Noticed a large bag of meat
    39 | D        | Noticed a destroyer
    41 | D        | Noticed a large bag of meat
    41 | D        | Reached XP level 24. HP: 249/249 MP: 19/53
    41 | D        | Noticed a destroyer
    43 | D        | Noticed a destroyer
    43 | D        | Reached XP level 25. HP: 257/257 MP: 19/53
    44 | D        | Noticed a destroyer
    46 | D        | Noticed a destroyer
    46 | D        | Killed a destroyer
    46 | D        | Reached XP level 26. HP: 266/266 MP: 20/53
    47 | D        | Noticed a destroyer
    48 | D        | Noticed a tyrant
    48 | D        | Noticed a destroyer
    48 | D        | Killed a destroyer
    48 | D        | Noticed a destroyer
    49 | D        | Noticed a destroyer
    49 | D        | Killed a destroyer
    49 | D        | Reached XP level 27. HP: 273/273 MP: 21/53
    50 | D        | Killed a destroyer
    50 | D        | Killed a large bag of meat
    50 | D        | Killed a large bag of meat
    51 | D        | Killed a large bag of meat
    52 | D        | Noticed a destroyer
    52 | D        | Killed a destroyer
    52 | D        | Killed a destroyer
    53 | D        | Noticed a destroyer
    53 | D        | Killed a large bag of meat
    53 | D        | Killed a destroyer
    55 | D        | Killed a tyrant
    56 | D        | Noticed a destroyer
    56 | D        | Killed a destroyer
    58 | D        | Killed a destroyer
    59 | D        | Killed a destroyer
    62 | D        | Killed a destroyer
    64 | D        | Noticed a destroyer
    64 | D        | Noticed a large bag of meat
    67 | D        | Annihilated by a destroyer

Skill      XL: |  1  2  3  4  5  6  7  8  9 10 11 12 13 14 15 16 17 18 19 20 21 |
---------------+----------------------------------------------------------------+-----
Fighting       | 13 18 20 27 | 27.0
Axes           | 23 27 | 27.0
Throwing       | 11 14 16 21 27 | 27.0
Dodging        | 21 26 27 | 27.0
Armour         | 8 16 23 25 27 | 27.0
Stealth        | 6 13 19 20 24 27 | 27.0
Unarmed Combat | 7 15 21 24 27 | 27.0
Spellcasting   | 4 10 15 16 20 27 | 27.0
Invocations    | 7 14 20 22 26 27 | 27.0

Action                   |  1- 3 |  4- 6 |  7- 9 | 10-12 | 13-15 | 16-18 | 19-21 | 22-24 | 25-27 || total
-------------------------+-------+-------+-------+-------+-------+-------+-------+-------+-------++-------
Melee: Executioner's axe |     1 |       |       |       |     5 |     6 |     7 |     7 |    22 ||    48
Dodge: Dodged            |       |       |       |       |     1 |     1 |       |       |     1 ||     3
